 Dungeon Crawl Stone Soup version 0.27-a0-660-g90476cec82 (webtiles) character file.

Game seed: 32001070646736268

21 robertstho the Chiller (level 2, -1/20 HPs)
             Began as a Demigod Ice Elementalist on Mar 16, 2021.
             Slain by a kobold
             ... wielding a +0 dagger
              (6 damage)
             ... on level 2 of the Dungeon.
             The game lasted 00:01:02 (1165 turns).

robertstho the Chiller (Demigod Ice Elementalist)   Turns: 1165, Time: 00:01:03

Health: -1/20      AC:  2    Str:  9    XL:     2   Next: 45%
Magic:  4/7        EV: 12    Int: 17    God:
Gold:   99         SH:  0    Dex: 14    Spells: 3/4 levels left

rFire    . . .     SeeInvis .   d - +0 spear
rCold    . . .     Faith    .   (no shield)
rNeg     . . .     Spirit   .   a - +0 robe
rPois    .         Reflect  .   (no helmet)
rElec    .         Harm     .   (no cloak)
rCorr    .         Rampage  .   (no gloves)
Will     .....                  (no boots)
Stlth    ++........             (no amulet)
HPRegen  0.06/turn              (no ring)
MPRegen  0.10/turn              (no ring)

@: no status effects
A: high mp 1, forlorn
a: no special abilities


You were on level 2 of the Dungeon.
You visited 1 branch of the dungeon, and saw 2 of its levels.

You collected 99 gold pieces.

Inventory:

Hand Weapons
 d - a +0 spear (weapon)
Armour
 a - a +0 robe (worn)
Scrolls
 b - a scroll of blinking {unknown}
 e - a scroll of amnesia {unknown}
Potions
 c - a potion of brilliance {unknown}


   Skills:
 + Level 0.1 Fighting
 + Level 0.4 Polearms
 + Level 1.7 Dodging
 + Level 1.8 Stealth
 * Level 1.9 Spellcasting
 * Level 4.1 Ice Magic


You had 3 spell levels left.
You knew the following spells:

 Your Spells              Type           Power      Damage    Failure   Level
a - Freeze                Ice            60%        1d8       3%          1

Your spell library contained the following spells:

 Spells                   Type           Power      Damage    Failure   Level
 Frozen Ramparts          Ice            30%        1d5       11%         3
 Ozocubu's Armour         Ice            15%        N/A       11%         3
 Hailstorm                Conj/Ice       8%         3d4       63%         4
 Summon Ice Beast         Ice/Summ       8%         N/A       63%         4


Dungeon Overview and Level Annotations

Branches:
Dungeon (2/15)


Innate Abilities, Weirdness & Mutations

Your attributes grow dramatically as you level up.
You have an increased reservoir of magic. (+10% MP)
You shall have no god before yourself.


Message History

A kobold comes into view. It is wielding a +0 dagger.
A kobold is nearby!
A kobold is nearby!
A kobold is nearby!
A kobold is nearby!
A kobold comes into view. It is wielding a +0 dagger.
The kobold shouts! x2
You barely miss the kobold.
A bat comes into view.
The kobold throws a stone.
The stone closely misses you.
You miss the kobold. The kobold hits you with a +0 dagger.
You barely miss the kobold.
The kobold hits you with a +0 dagger. x2
Unknown command.
Casting: Freeze (safe; 3% risk of failure)
Confirm with . or Enter, or press ? or * to list all spells.
Aiming: Freeze (safe; 3% risk of failure)
Press: ? - help, Shift-Dir - straight line, f - kobold
Aim: a kobold, wielding a +0 dagger and quivering stones You freeze the kobold!
You kill the kobold!
The kobold completely misses you. The bat hits you.
Unknown command.
Casting: Freeze (safe; 3% risk of failure)
Confirm with . or Enter, or press ? or * to list all spells.
Aiming: Freeze (safe; 3% risk of failure)
Press: ? - help, Shift-Dir - straight line, f - bat
Aim: a bat You freeze the bat!
You kill the bat!
The kobold hits you with a +0 dagger.
* * * LOW HITPOINT WARNING * * *
Casting: Freeze (safe; 3% risk of failure)
Confirm with . or Enter, or press ? or * to list all spells.
Aiming: Freeze (safe; 3% risk of failure)
Press: ? - help, Shift-Dir - straight line, f - kobold
Aim: a kobold, wielding a +0 dagger You freeze the kobold.
The kobold is moderately wounded.
The kobold hits you with a +0 dagger.
You die...

# .. ≈ .# ≈≈ ..# ≈≈≈
..# ≈≈≈. #######...#
≈≈≈≈.##....@)...#
≈≈≈........K....#
≈≈.≈.#.#####..######
≈..≈
#.............######.#
..
#.##.##..............#
#.##.##.#####.######.#
#.##.##.#####.##
#.##...^..##...####.
#.##..###.#.<....(...


You could see a kobold.

Vanquished Creatures
  A dart slug (D:1)
  A leopard gecko (D:1)
  3 goblins (D:1)
  A hobgoblin (D:1)
  3 kobolds
  A ball python (D:1)
  2 bats
  2 frilled lizards
  4 rats (D:1)
18 creatures vanquished.

Notes
Turn   | Place    | Note
-------+----------+-------------------------------------------
     0 | D:1      | robertstho the Demigod Ice Elementalist began the quest for
                  | the Orb.
     0 | D:1      | Reached XP level 1. HP: 14/14 MP: 5/5
   302 | D:1      | Reached skill level 4 in Ice Magic
   566 | D:1      | Reached XP level 2. HP: 19/20 MP: 7/7
  1165 | D:2      | Slain by a kobold

Illustrated notes

Levels and vault maps discovered:
D:1:      dpeg_arrival_boxorama, layout_loops_ring, dk_noncrumbling_3,
          grunt_decor_cap, hangedman_glass_teeth
D:2:      layout_loops_ring, overflow_temple_1_default, zin_purify,
          chequers_ecumenical_altar_island, uniq_robin

Skill      XL: |  1 |
---------------+----+-----
Ice Magic      | 4 |  4.1
Fighting       | |  0.1
Polearms       | |  0.4
Dodging        | |  1.7
Stealth        | |  1.8
Spellcasting   | |  1.9

Action                   || total
-------------------------++-------
Melee: Unarmed           ||     9
       Spear             ||    37
 Cast: Freeze            ||    11
 Stab: Sleeping          ||     2
Armor: Robe              ||     8
Dodge: Dodged            ||    24

Table legend: (Time is in decaauts)
 A = Elapsed time spent in this place.
 B = Non-inter-level travel time spent in this place.
 C = Inter-level travel time spent in this place.
 D = Time resting spent in this place.
 E = Time spent auto-exploring this place.
 F = Levels seen in this place.
 G = Mean time per level.
                   A        B        C        D        E       F      G
               +--------+--------+--------+--------+--------+-----+--------+
         Total |   1167 |   1112 |     55 |      0 |    977 |   2 |  583.5 |
       Dungeon |   1167 |   1112 |     55 |      0 |    977 |   2 |  583.5 |
               +--------+--------+--------+--------+--------+-----+--------+

Top non-repeatable levels by time:
     D:1: 1123 daAuts
     D:2: 44 daAuts
